 Dungeon Crawl Stone Soup version 0.29.1-12-g30fa7ad0bf (webtiles) character file.

Game seed: 13251827643433624546

108502 wormed the Severer (level 16, -4/155 HPs)
             Began as a Hill Orc Fighter on Dec 22, 2022.
             Was the Champion of the Shining One.
             Slain by an orc warrior
             ... wielding a +0 hand axe
              (12 damage)
             ... on level 2 of the Orcish Mines.
             The game lasted 01:03:28 (23125 turns).

wormed the Severer (Hill Orc Fighter)              Turns: 23125, Time: 01:03:29

Health: -4/155     AC: 26    Str: 31    XL:     16   Next: 49%
Magic:  22/22      EV: 10    Int:  8    God:    the Shining One [******]
Gold:   1315       SH: 19    Dex: 14    Spells: 15/15 levels left

rFire   . . .      SeeInvis .   P - +6 broad axe (holy)
rCold   . . .      Faith    .   v - +0 tower shield
rNeg    + + +      Spirit   .   f - +0 plate armour
rPois   +          Reflect  .   s - +0 helmet
rElec   .          Harm     .   Z - +0 cloak
rCorr   .          Rampage  .   x - +2 pair of gloves {hurl}
Will    +++++                   u - +0 pair of boots
Stlth   ..........              l - amulet of Pride {RegenMP Will+++ Regen+ Str+4 Dex+4 Stlth-}
HPRegen 1.15/turn               y - ring of Understanding {rPois rN+ Will+}
MPRegen 0.58/turn               U - +4 ring of evasion

@: glowing
A: no striking features
a: Renounce Religion, Divine Shield, Cleansing Flame, Summon Divine Warrior


You were on level 2 of the Orcish Mines.
You worshipped the Shining One.
The Shining One was exalted by your worship.
You visited 5 branches of the dungeon, and saw 24 of its levels.
You also visited: Ossuary and Bailey.

You collected 2225 gold pieces.
You spent 910 gold pieces at shops.

Inventory:

Hand Weapons
 c - a +0 morningstar of protection
 P - a +6 broad axe of holy wrath (weapon)
Missiles
 D - 4 silver javelins
 L - 5 javelins (quivered)
 O - 2 throwing nets
Armour
 f - a +0 plate armour (worn)
 s - a +0 helmet (worn)
 u - a +0 pair of boots (worn)
 v - a +0 tower shield (worn)
 x - a +2 pair of gloves of hurling (worn)
 Z - a +0 cloak (worn)
Jewellery
 g - the ring "Pooc" {rC+ MP+9 Int+4 Dex+2}
   (You found it on level 14 of the Dungeon)

   [ring of magical power]

   Int:       It affects your intelligence (+4).
   Dex:       It affects your dexterity (+2).
   rC:        It protects you from cold.
   MP:        It affects your magic capacity (+9).
 l - the amulet of Pride (around neck) {RegenMP Will+++ Regen+ Str+4 Dex+4 Stlth-}
   (You bought it in a shop on level 4 of the Dungeon)

   [amulet of magic regeneration]

   It increases your rate of magic regeneration.
   Str:       It affects your strength (+4).
   Dex:       It affects your dexterity (+4).
   Regen:     It increases your rate of health regeneration.
   Will:      It greatly increases your willpower.
   Stlth:     It makes you less stealthy.
 m - an amulet of the acrobat
 y - the ring of Understanding (left hand) {rPois rN+ Will+}
   (You took it off a deep elf annihilator on level 14 of the Dungeon)

   [ring of positive energy]

   rPois:     It protects you from poison.
   rN:        It protects you from negative energy.
   Will:      It increases your willpower.
 B - the amulet "Jeeto" {Faith rN++ Dex+3 Stlth-}
   (You found it on level 14 of the Dungeon)

   [amulet of faith]

   It allows you to gain divine favour quickly.
   Dex:       It affects your dexterity (+3).
   rN:        It greatly protects you from negative energy.
   Stlth:     It makes you less stealthy.
 N - a ring of flight
 U - a +4 ring of evasion (right hand)
Wands
 b - a wand of mindburst (21)
 p - a wand of acid (9)
 z - a wand of digging (3)
 I - a wand of flame (58)
 R - a wand of polymorph (22)
 T - a wand of roots (15)
 V - a wand of paralysis (14)
Scrolls
 a - 2 scrolls of poison
 e - 8 scrolls of vulnerability
 h - 6 scrolls of enchant armour
 o - 4 scrolls of silence
 q - 12 scrolls of teleportation
 t - 2 scrolls of magic mapping
 w - 6 scrolls of fear
 C - 3 scrolls of fog
 E - 3 scrolls of summoning {unknown}
 F - 3 scrolls of noise {unknown}
 K - 5 scrolls of blinking {unknown}
 M - 4 scrolls of amnesia
 Q - 2 scrolls of identify
Potions
 d - 8 potions of might
 i - 4 potions of flight
 j - 5 potions of heal wounds
 k - 18 potions of curing
 n - a potion of ambrosia
 r - 2 potions of lignification
 A - 2 potions of haste
 G - 5 potions of invisibility
 H - a potion of magic
 J - a potion of berserk rage
 S - a potion of mutation
 X - 4 potions of brilliance


   Skills:
 + Level 17.2 Fighting
 - Level 18.0 Axes
 + Level 4.1 Throwing
 + Level 15.8 Armour
 + Level 15.9 Shields
 * Level 8.7 Invocations


You had 15 spell levels left.
You didn't know any spells.
Your spell library contained the following spells:

 Spells                   Type           Power      Damage    Failure   Level
 Foxfire                  Conj/Fire      0%         2x1d4     100%        1
 Freeze                   Ice            0%         1d3       100%        1
 Shock                    Conj/Air       0%         1d3       100%        1
 Slow                     Hex            0%         N/A       100%        1
 Summon Small Mammal      Summ           0%         N/A       100%        1
 Ensorcelled Hibernation  Hex/Ice        0%         N/A       100%        2
 Passwall                 Tmut/Erth      0%         N/A       100%        2
 Call Canine Familiar     Summ           0%         N/A       100%        3
 Frozen Ramparts          Ice            0%         1d1       100%        3
 Gell's Gravitas          Tloc           0%         N/A       100%        3
 Ignite Poison            Fire/Tmut/Pois 0%         N/A       100%        3
 Lesser Beckoning         Tloc           0%         N/A       100%        3
 Mephitic Cloud           Conj/Pois/Air  0%         N/A       100%        3
 Ozocubu's Armour         Ice            0%         N/A       100%        3
 Spider Form              Tmut/Pois      0%         N/A       100%        3
 Summon Guardian Golem    Hex/Summ       0%         N/A       100%        3
 Swiftness                Air            0%         N/A       100%        3
 Teleport Other           Tloc           0%         N/A       100%        3
 Airstrike                Air            0%         2d(0-16)  100%        4
 Anguish                  Hex/Necr       0%         N/A       100%        4
 Flame Wave               Conj/Fire      0%         2d4       100%        4
 Hailstorm                Conj/Ice       0%         3d3       100%        4
 Leda's Liquefaction      Hex/Erth       0%         N/A       100%        4
 Olgreb's Toxic Radiance  Pois           0%         N/A       100%        4
 Passage of Golubria      Tloc           0%         N/A       100%        4
 Freezing Cloud           Conj/Ice/Air   0%         6-21      100%        5
 Metabolic Englaciation   Hex/Ice        0%         N/A       100%        5
 Silence                  Hex/Air        0%         N/A       100%        5
 Dispersal                Tloc           0%         N/A       100%        6
 Simulacrum               Ice/Necr       0%         N/A       100%        6
 Ozocubu's Refrigeration  Ice            0%         4d7       100%        7
 Ignition                 Fire           0%         3d3       100%        8
 Lehudib's Crystal Spear  Conj/Erth      0%         10d2      100%        8
 Fire Storm               Conj/Fire      0%         5d1       100%        9


Dungeon Overview and Level Annotations

Branches:
Dungeon (15/15)            Temple (1/1) D:7            Lair (5/5) D:9
 Shoals (1/4) Lair:2       Spider (0/4) Lair:3        Slime (0/5) Lair:5
    Orc (2/2) D:10         Vaults (0/5) D:13         Depths (0/4) D:15
Ossuary (visited)          Bailey (visited)
    Elf: Orc:2

Altars:
Ashenzari
Dithmenos
Fedhas
Kikubaaqudgha
Okawaru
Ru
Trog
Vehumet
Wu Jian
The Shining One
Beogh

Shops:
D:4 =:*(   D:8 ?   D:11 [*(   D:13 (=   Orc:2 (*

Portals:
Trove: D:11 (give 16 potions of curing)

Annotations:
D:3 2 runed translucent doors, sigtrap's ghost, amateur MiBe
D:7 2 transporters, Xeneth's ghost, novice MiFi
Lair:3 exclusion: oklob plant
Shoals:1 Jorgrun


Message History

The orc knight closely misses you. The orc warlord blocks your attack.
The orc warlord is lightly wounded.
You hit the orc knight. You slash the orc warlord!
The orc warlord is lightly wounded.
You hit the orc knight.
The orc knight no longer looks unusually strong.
You block the orc knight's attack.
The orc warlord roars a battlecry!
The orc knight goes into a battle-frenzy!
You slice the orc warlord!!
The orc warlord is moderately wounded.
You barely miss the orc knight.
The orc warlord no longer looks unusually strong.
You block the orc knight's attack.
The orc knight roars a battlecry!
The orc warlord goes into a battle-frenzy!
You slash the orc warlord!
The orc warlord is heavily wounded.
You slice the orc knight!!
The orc warlord hits you with a +2 vorpal broad axe!!
You hit the orc warlord but do no damage.
The orc warlord is heavily wounded.
You slash the orc knight! You hit the orc warrior. You hit the orc knight.
You kill the orc knight!
The orc warrior no longer looks unusually strong. x3
The orc warlord hits you with a +2 vorpal broad axe!
The orc knight roars a battlecry!
The orc warriors go into a battle-frenzy!
You slash the orc warlord!
The orc warlord is heavily wounded.
You hit the orc warrior. You hit the orc knight. You slash the orc knight!
The orc warlord hits you with a +2 vorpal broad axe!!!
* * * LOW HITPOINT WARNING * * *
x2 The orc knight hits you but does no damage.
You block the orc warrior's attack. You block the orc knight's attack.
The orc warrior unwields a +0 arbalest.
The orc warrior wields a +0 hand axe.
The orc warrior hits you with a +0 hand axe!
You die...

...........#
...........##
............## .
.............#..
.......#...$....
#..)....#...#
###.oT...# ###oo..##
##. ##..@o...# #....
#...oo#..##......
##...##..........
##....##..........#
#....#............#
##..##.......P....#
#.........P.......#
##....P.8.........###
##..P....∩......#...


You could see an orc warlord (strong), 2 orc knights, a troll and 3 orc
warriors.

Vanquished Creatures
  A bone dragon (D:12)
  A lich (D:14)
  Louise (D:15)
  A very ugly thing (D:14)
  A stone giant (D:15)
  The ghost of cowcol the Cleaver, a journeyman DrBe of Trog (Lair:4)
  Nessos (D:13)
  2 deep elf annihilators (D:14)
  An ettin (D:14)
  Josephine (Lair:5)
  2 vault guards (Bailey)
  10 hydras
  2 catoblepae
  8 boulder beetles
  5 centaur warriors (D:14)
  7 two-headed ogres
  A death knight (D:14)
  4 death yaks
  7 tengu warriors
  The ghost of Rudyous the Fighter, a novice MiFi of Okawaru (D:6)
  A deep elf archer (D:14)
  A lindwurm (Lair:4)
  5 orc knights
  4 cyclopes
  A wolf spider (Lair:5)
  18 ugly things
  2 orc sorcerers (Orc:2)
  7 manticores
  3 elephants (Lair:5)
  6 black mambas
  A guardian serpent (Lair:5)
  11 centaur skeletons (D:12)
  3 gargoyles
  2 torpor snails
  13 cane toads
  Maggie (D:7)
  A yaktaur (D:14)
  A redback zombie (D:12)
  5 rime drakes
  An efreet (D:15)
  12 komodo dragons
  A kobold demonologist (D:12)
  An unseen horror (D:12)
  An ice devil (Lair:2)
  3 tengu conjurers
  A meliai (Lair:3)
  A harpy zombie (D:12)
  4 hornets
  8 trolls
  2 polar bears
  A tarantella (shapeshifter) (D:10)
  A harpy skeleton (D:12)
  Prince Ribbit (Bailey)
  A blink frog (shapeshifter) (D:14)
  6 blink frogs
  3 meliai zombies (D:12)
  5 slime creatures
  3 shadows
  5 wraiths
  26 humans
  46 yaks
  14 wyverns
  2 vampires
  3 basilisks
  A steam dragon (D:10)
  A hog (shapeshifter) (D:14)
  5 vampire mosquitoes
  2 redbacks (Lair:5)
  2 wargs
  18 water moccasins
  19 orc warriors
  A sky beast (D:5)
  2 ice beasts (D:5)
  A black bear (Lair:1)
  2 ogres
  27 wolves
  11 centaurs
  A phantom (D:6)
  2 kobold brigands
  8 necrophages
  29 bullfrogs
  A cane toad simulacrum (Lair:2)
  9 scorpions
  14 wights
  11 killer bees
  9 howler monkeys
  A crimson imp (D:9)
  5 centaur zombies
  7 hounds
  14 orc priests
  3 human zombies (Ossuary)
  3 jellies (Lair:5)
  3 scorpion zombies (Ossuary)
  A gnoll bouda (D:7)
  2 iguanas
  15 orc wizards
  2 hell rats (D:9)
  A polar bear simulacrum (Lair:2)
  A spriggan simulacrum (Lair:2)
  3 mummies (Ossuary)
  20 gnolls
  2 naga simulacra (Lair:2)
  5 adders
  2 river rats (D:9)
  A shadow imp (D:6)
  5 white imps
  An ufetubus (D:6)
  A worm (D:3)
  4 dart slugs
  73 orcs
  6 ball pythons
  6 endoplasms
  4 giant cockroaches
  11 goblins
  8 hobgoblins
  2 jackals (D:4)
  6 quokkas
  3 bats
  4 frilled lizards
  A gnoll zombie (Ossuary)
  2 goblin zombies (Ossuary)
  A hobgoblin zombie (Ossuary)
  A jackal zombie (D:6)
  14 kobolds
  3 orc zombies (Ossuary)
  6 rats
725 creatures vanquished.

Vanquished Creatures (others)
  A rime drake (Lair:4)
  2 tengu conjurers (D:14)
  31 fungi
  32 plants
66 creatures vanquished.

Grand Total: 791 creatures vanquished

Notes
Turn   | Place    | Note
-------+----------+-------------------------------------------
     0 | D:1      | wormed the Hill Orc Fighter began the quest for the Orb.
     0 | D:1      | Reached XP level 1. HP: 19/19 MP: 1/1
    18 | D:1      | Noticed an eye of devastation
    19 | D:1      | Found a faded altar of an unknown god.
    41 | D:1      | Noticed a great orb of eyes
    41 | D:1      | Noticed an eye of devastation
    41 | D:1      | Noticed an eye of devastation
    58 | D:1      | Reached skill level 3 in Axes
   117 | D:1      | Reached XP level 2. HP: 23/27 MP: 2/2
   644 | D:1      | Reached XP level 3. HP: 26/33 MP: 3/3
  1369 | D:3      | Reached skill level 4 in Axes
  1369 | D:3      | Reached XP level 4. HP: 39/40 MP: 4/4
  1373 | D:3      | Found a runed translucent door.
  1373 | D:3      | Noticed sigtrap's ghost (amateur MiBe)
  1966 | D:3      | Reached XP level 5. HP: 47/47 MP: 5/5
  1975 | D:3      | Found a runed translucent door.
  2187 | D:4      | Reached skill level 5 in Axes
  2194 | D:4      | Reached XP level 6. HP: 48/55 MP: 6/6
  2265 | D:4      | Found a sacrificial altar of Ru.
  2276 | D:4      | Reached skill level 5 in Fighting
  2276 | D:4      | Reached skill level 6 in Axes
  2800 | D:4      | Noticed an orc warrior
  2800 | D:4      | Found Megh's General Store.
  2827 | D:4      | Reached XP level 7. HP: 38/61 MP: 7/7
  2912 | D:4      | Reached skill level 5 in Shields
  2918 | D:4      | Reached skill level 5 in Armour
  2926 | D:4      | Found Suppanul's Antique Weapon Shop.
  2926 | D:4      | Found Tumurol's Book Boutique.
  2927 | D:4      | Found Dues's Jewellery Shop.
  2969 | D:4      | Bought a scroll of identify for 26 gold pieces
  3022 | D:5      | Entered Level 5 of the Dungeon
  3068 | D:5      | Reached skill level 7 in Axes
  3288 | D:5      | Reached XP level 8. HP: 69/70 MP: 8/8
  3365 | D:5      | Reached skill level 8 in Axes
  3419 | D:5      | Identified the +1 leather armour of the Cricket {rPois rF+
                  | rCorr Dex-4}
  4101 | D:5      | Reached skill level 9 in Axes
  4175 | D:6      | Found a runed translucent gate.
  4175 | D:6      | Found a runed translucent gate.
  4175 | D:6      | Found a runed translucent gate.
  4177 | D:6      | Noticed Rudyous's ghost (novice MiFi)
  4212 | D:6      | Found a sand-covered staircase.
  4219 | Ossuary  | Entered an ossuary
  4319 | Ossuary  | Reached XP level 9. HP: 79/79 MP: 9/9
  4422 | Ossuary  | Reached skill level 10 in Axes
  4624 | D:6      | Found a blossoming altar of Fedhas.
  4870 | D:6      | Found an ancient bone altar of Kikubaaqudgha.
  5312 | D:6      | Reached skill level 11 in Axes
  5374 | D:6      | Reached XP level 10. HP: 34/88 MP: 10/10
  5467 | D:6      | Found a roughly hewn altar of Beogh.
  5614 | D:7      | Noticed Maggie
  5635 | D:7      | Killed Maggie
  5636 | D:7      | Reached skill level 12 in Axes
  5706 | D:7      | Found a transporter.
  5706 | D:7      | Found a transporter.
  5706 | D:7      | Noticed Xeneth's ghost (novice MiFi)
  5804 | D:7      | Noticed a boulder beetle
  5892 | D:7      | Found a staircase to the Ecumenical Temple.
  5902 | Temple   | Entered the Ecumenical Temple
  5909 | Temple   | Became a worshipper of the Shining One
  6099 | D:7      | Found a flagged portal.
  6212 | Bailey   | Entered a bailey
  6246 | Bailey   | Reached * piety under the Shining One
  6334 | Bailey   | Reached skill level 13 in Axes
  6349 | Bailey   | Noticed Prince Ribbit
  6349 | Bailey   | Noticed a vault guard
  6361 | Bailey   | Killed Prince Ribbit
  6374 | Bailey   | Killed a vault guard
  6450 | Bailey   | Noticed a vault guard
  6461 | Bailey   | Killed a vault guard
  6462 | Bailey   | Reached XP level 11. HP: 79/99 MP: 11/11
  6626 | D:7      | Killed a boulder beetle
  6627 | D:7      | Reached skill level 14 in Axes
  6961 | D:6      | Killed Rudyous's ghost
  6962 | D:6      | Reached skill level 10 in Fighting
  7598 | D:8      | Found Gafil's Magic Scroll Shop.
  8436 | D:9      | Identified the +1 sling of the Purse {speed, +Blink rElec
                  | Int-4}
  8491 | D:9      | Noticed a death yak
  8491 | D:9      | Noticed a death yak
  8496 | D:9      | Noticed a death yak
  8504 | D:9      | Reached ** piety under the Shining One
  8518 | D:9      | Killed a death yak
  8519 | D:9      | Reached skill level 15 in Axes
  8527 | D:9      | Killed a death yak
  8542 | D:9      | Killed a death yak
  8604 | D:9      | Found a staircase to the Lair.
  9108 | Lair:1   | Entered Level 1 of the Lair of Beasts
  9149 | Lair:1   | Reached XP level 12. HP: 93/108 MP: 12/12
  9166 | Lair:1   | Reached skill level 10 in Armour
  9166 | Lair:1   | Reached skill level 10 in Shields
  9603 | Lair:1   | Reached skill level 16 in Axes
  9676 | Lair:1   | Noticed a six-headed hydra
  9812 | Lair:1   | Killed a six-headed hydra
 10659 | Lair:2   | Noticed a death yak
 10975 | Lair:2   | Killed a death yak
 10993 | Lair:2   | Reached skill level 17 in Axes
 11022 | Lair:2   | Got the Encyclopedia of Imprecation and Conflagration
 11319 | Lair:2   | Found a staircase to the Shoals.
 11703 | Lair:3   | Reached XP level 13. HP: 118/118 MP: 13/13
 11797 | Lair:3   | Found a hole to the Spider Nest.
 11988 | Lair:3   | Reached *** piety under the Shining One
 12528 | Shoals:1 | Entered Level 1 of the Shoals
 12528 | Shoals:1 | Noticed Jorgrun
 12620 | D:10     | Entered Level 10 of the Dungeon
 12632 | D:10     | Reached skill level 18 in Axes
 12850 | D:10     | Found a staircase to the Orcish Mines.
 13626 | D:11     | Reached **** piety under the Shining One
 13655 | D:11     | Found Fablaic's Assorted Antiques.
 13696 | D:11     | Found Dequgg's Antique Weapon Shoppe.
 13992 | D:11     | Found Plog's Armour Shoppe.
 14074 | D:11     | Found a portal to a secret trove of treasure.
 14705 | D:4      | Bought the amulet of Pride {RegenMP Will+++ Regen+ Str+4
                  | Dex+4 Stlth-} for 884 gold pieces
 15097 | D:12     | You fall into a shaft and drop 1 floor!
 15097 | D:13     | Found Lideqesu's Firing Range.
 15136 | D:13     | Found Haizeyt's Jewellery Shop.
 15544 | D:13     | Noticed Nessos
 15545 | D:13     | Found a gate to the Vaults.
 15553 | D:13     | Reached ***** piety under the Shining One
 15803 | D:13     | Reached XP level 14. HP: 114/130 MP: 14/14
 15880 | D:13     | Killed Nessos
 17232 | Lair:4   | Found a runed translucent gate.
 17232 | Lair:4   | Found a runed translucent gate.
 17232 | Lair:4   | Found a runed translucent gate.
 17364 | Lair:4   | Noticed cowcol's ghost (journeyman DrBe)
 17642 | Lair:4   | Killed cowcol's ghost
 17712 | Lair:5   | Entered Level 5 of the Lair of Beasts
 17783 | Lair:5   | Reached skill level 15 in Fighting
 18316 | Lair:5   | Noticed Josephine
 18331 | Lair:5   | Killed Josephine
 18353 | Lair:5   | Reached XP level 15. HP: 131/141 MP: 15/15
 18456 | Lair:5   | Found a staircase to the Slime Pits.
 19359 | D:12     | Reached ****** piety under the Shining One
 19382 | D:12     | Identified a +6 broad axe of holy wrath (a +4 broad axe
                  | blessed by the Shining One)
 19382 | D:12     | Received a gift from the Shining One
 19384 | D:12     | Found the +9 sword of Zonguldrok {reap}
 19384 | D:12     | Noticed a bone dragon
 19402 | D:12     | Killed a bone dragon
 19403 | D:12     | Reached skill level 15 in Shields
 19478 | D:12     | Reached skill level 15 in Armour
 19803 | D:14     | Found an ornate altar of the Wu Jian Council.
 19890 | D:14     | Noticed a lich
 19897 | D:14     | Identified the ring of Understanding {rPois rN+ Will+}
 19899 | D:14     | Reached skill level 1 in Invocations
 19904 | D:14     | Killed a lich
 19935 | D:14     | Reached skill level 1 in Throwing
 20152 | D:14     | Identified the ring "Pooc" {rC+ MP+9 Int+4 Dex+2}
 20154 | D:14     | Identified the amulet "Jeeto" {Faith rN++ Dex+3 Stlth-}
 20538 | D:14     | Reached skill level 5 in Invocations
 20685 | D:14     | Reached XP level 16. HP: 141/154 MP: 20/20
 21488 | D:15     | Entered Level 15 of the Dungeon
 21568 | D:15     | Found a staircase to the Depths.
 21685 | D:15     | Noticed Louise
 21702 | D:15     | Killed Louise
 22634 | Orc:1    | Entered Level 1 of the Orcish Mines
 23064 | Orc:2    | Entered Level 2 of the Orcish Mines
 23068 | Orc:2    | Found Cienauma's General Store.
 23109 | Orc:2    | Found Bino's Antique Weapon Emporium.
 23125 | Orc:2    | Slain by an orc warrior

Illustrated notes

Levels and vault maps discovered:
D:1:      dpeg_arrival_simpleton_b, layout_basic,
          hellmonk_ecumenical_altar_watching_god, minmay_tiny_reverse_x
D:2:      layout_loops_ring, st_stairs_13, lightli_corner_chamber
D:3:      layout_basic, ebering_ghost_sewer_f, minivault_19
D:4:      layout_rooms, nicolae_ru_sacrificial_ziggurat,
          nicolae_wooded_promenade, cheibrodos_gnoll_hut
D:5:      layout_loops_corners
D:6:      layout_loops_ring, lemuel_coloured_pillars_altar,
          mainiacjoe_overflow_chevrons, biasface_ghost_orc_armoury,
          enter_ossuary_3, minmay_ruffians
D:7:      layout_rooms, minmay_temple_entry_trees, gammafunk_ghost_hive,
          enter_bailey_7, grunt_ministairs_14, uniq_maggie
D:8:      layout_basic, serial_shops, shop, eino_jars
D:9:      layout_rooms, dpeg_lair_monsters, minmay_fire_ice_demons
D:10:     kennysheep_big_flooded_room, layout_irregular_city, orc_0_dummy,
          minmay_unpleasant_kobolds
D:11:     layout_irregular_city, nicolae_trove_entry_free_sample, serial_shops,
          shop, nicolae_square_shop, nicolae_shop_hallway_stairs
D:12:     layout_basic, minmay_guarded_unrand_zonguldrok
D:13:     layout_roguey, david_vaults_3, serial_shops, shop,
          nicolae_shop_firing_range
D:14:     minmay_the_grid_3x2 [minmay_the_grid_minigrid_medium,
          minmay_the_grid_eight, minmay_the_grid_square_x,
          minmay_the_grid_tiny_cups, minmay_the_grid_tri_star,
          minmay_the_grid_prize_four_corners], layout_loops_ring,
          gauntlet_entry_generic, nicolae_wu_jian_wuxing_cycle
D:15:     grunt_enter_depths_snipers, layout_long_grid, minmay_misc_feat_tower,
          small_statue_intersection, uniq_louise
Temple:   hellmonk_temple_of_storms
Lair:1:   layout_layer_cave, portal_ice_cave_rime
Lair:2:   dreamdust_isle_of_ice, layout_hall_layers, shoals_dummy_entry
Lair:3:   layout_loops_ring, hellmonk_spider_entry_not_the_bees
Lair:4:   layout_gridlike, ebering_ghost_rock_garden, roderic_carrion_pond
Lair:5:   hangedman_lair_tendril_chambers, layout_regular_city,
          nicolae_slime_entry_slimehenge, chequers_serial_rivers_micro_c,
          mumra_transporter_accident, uniq_josephine
Shoals:1: layout_shoals, uniq_jorgrun
Orc:1:    layout_caves
Orc:2:    grunt_orc_gardens, layout_caves, grunt_orc_garden, grunt_orc_garden,
          grunt_orc_garden, grunt_orc_garden

Skill      XL: |  1  2  3  4  5  6  7  8  9 10 11 12 13 14 15 16 |
---------------+-------------------------------------------------+-----
Axes           | 3 4 5 6 7 9 11 13 15 17 18 | 18.0
Fighting       | 4 5 7 8 9 10 12 13 15 16 17 | 17.2
Armour         | 4 5 6 7 8 9 11 12 14 15 | 15.8
Shields        | 4 5 6 7 8 9 11 12 14 15 | 15.9
Invocations    | 5 8 |  8.7
Throwing       | 2 4 |  4.1

Action                   |  1- 3 |  4- 6 |  7- 9 | 10-12 | 13-15 | 16-18 || total
-------------------------+-------+-------+-------+-------+-------+-------++-------
Melee: War axe           |    89 |   127 |   394 |   214 |       |       ||   824
       Broad axe         |       |       |       |   536 |  1138 |   221 ||  1895
       Mace              |       |       |       |       |    27 |       ||    27
       Morningstar       |       |       |       |       |    46 |    16 ||    62
Throw: Throwing net      |       |       |       |       |     2 |       ||     2
Invok: Brand Weapon With |       |       |       |       |     1 |       ||     1
Evoke: Wand              |       |       |       |     7 |       |       ||     7
  Use: Scroll            |       |       |     7 |     7 |    14 |       ||    28
       Potion            |       |       |       |     7 |     3 |       ||    10
Armor: Scale mail        |    35 |       |       |       |       |       ||    35
       Chain mail        |    17 |    64 |    38 |       |       |       ||   119
       Plate armour      |       |       |   206 |   413 |   855 |   118 ||  1592
Dodge: Dodged            |    33 |    43 |    81 |   167 |   614 |    62 ||  1000
Block: Buckler           |    16 |    25 |    84 |   203 |   574 |       ||   902
       Kite shield       |       |       |       |       |    22 |    87 ||   109
       Tower shield      |       |       |       |       |       |   110 ||   110
